 Dungeon Crawl Stone Soup version 0.30.0-10-gfe55d96785 (webtiles) character file.

Game seed: 497568454627564103

51 Firecrotchwizard the Chopper (level 3, -5/33 HPs)
             Began as a Hill Orc Monk on May 15, 2023.
             Slain by Sigmund
             ... wielding a +2 scythe of protection
              (7 damage)
             ... on level 2 of the Dungeon.
             The game lasted 00:02:31 (1012 turns).

Firecrotchwizard the Chopper (Hill Orc Monk)        Turns: 1012, Time: 00:02:31

Health: -5/33      AC:  7    Str: 15    XL:     3   Next: 81%
Magic:  3/3        EV: 10    Int: 10    God:
Gold:   43         SH:  0    Dex: 13    Spells: 2/2 levels left

rFire   . . .        a - +0 hand axe
rCold   . . .        d - orb {light}
rNeg    . . .        k - +0 scale mail
rPois   .            (no helmet)
rElec   .            (no cloak)
rCorr   .            (no gloves)
SInv    .            e - +0 pair of boots
Will    .....        (no amulet) Stlth
                     (no ring)
HPRegen 0.25/turn    (no ring)
MPRegen 0.08/turn

%: no passive effects
@: glowing
A: no striking features
a: no special abilities


You were on level 2 of the Dungeon.
You visited 1 branch of the dungeon, and saw 2 of its levels.

You collected 63 gold pieces.
You spent 20 gold pieces at shops.

Inventory:

Hand Weapons
 a - a +0 hand axe (weapon)
Missiles
 j - 3 boomerangs (quivered)
Armour
 b - a +0 robe
 d - an orb of light (worn)
 e - a +0 pair of boots (worn)
 f - a +0 ring mail
 k - a +0 scale mail (worn)
Scrolls
 h - a scroll of enchant armour {unknown}
 i - a scroll of vulnerability {unknown}
 l - a scroll of amnesia {unknown}
 n - a scroll of identify {unknown}
 o - a scroll of poison {unknown}
 q - a scroll of fog {unknown}
 r - 2 scrolls of teleportation {unknown}
Potions
 c - a potion of ambrosia
 g - a potion of heal wounds {unknown}
 m - a potion of flight {unknown}
 p - a potion of curing {unknown}


   Skills:
 + Level 4.1 Fighting
 * Level 5.2 Axes
 + Level 1.5 Armour
 - Level 2.4 Dodging


You had 2 spell levels left.
You didn't know any spells.
Your spell library was empty.

Dungeon Overview and Level Annotations

Branches:
Dungeon (2/15)

Altars:

Shops:
D:1 *(

Annotations:
D:2 Sigmund


Message History

The adder skeleton barely misses you.
You hit the adder skeleton.
The adder skeleton is heavily damaged.
The adder skeleton bites you.
You slash the adder skeleton!
The adder skeleton is almost destroyed.
The adder skeleton barely misses you.
You hit the adder skeleton.
You destroy the adder skeleton!
Sigmund closely misses you.
You hit Sigmund.
Sigmund is lightly wounded.
You hit Sigmund but do no damage.
Sigmund is lightly wounded.
Sigmund hits you with a +2 scythe of protection.
You hit Sigmund.
Sigmund is lightly wounded.
Sigmund points at you and mumbles some strange words.
The magic dart hits you but does no damage.
You hit Sigmund but do no damage.
Sigmund is lightly wounded.
Sigmund hits you with a +2 scythe of protection!
You completely miss Sigmund.
Sigmund is lightly wounded.
You hit Sigmund but do no damage.
Sigmund is lightly wounded.
Sigmund hits you with a +2 scythe of protection!
* * * LOW HITPOINT WARNING * * *
You hit Sigmund but do no damage.
Sigmund is lightly wounded.
Sigmund hits you but does no damage.
You hit Sigmund but do no damage.
Sigmund is lightly wounded.
Unknown command.
You hit Sigmund but do no damage.
Sigmund is lightly wounded.
Sigmund barely misses you.
You hit Sigmund.
Sigmund is moderately wounded.
Sigmund barely misses you.
Unknown command.
You barely miss Sigmund.
Sigmund is moderately wounded.
Sigmund closely misses you.
You hit Sigmund but do no damage.
Sigmund is moderately wounded.
Unknown command.
You hit Sigmund but do no damage.
Sigmund is moderately wounded.
Sigmund hits you with a +2 scythe of protection.
* * * LOW HITPOINT WARNING * * *
You hit Sigmund but do no damage.
Sigmund is moderately wounded.
Sigmund casts a spell.
Sigmund flickers and vanishes for a moment.
Unknown command.
You hit Sigmund.
Sigmund is moderately wounded.
Sigmund closely misses you.
You hit Sigmund but do no damage.
Sigmund is moderately wounded.
Unknown command.
You hit Sigmund but do no damage.
Sigmund is moderately wounded.
Sigmund completely misses you.
Unknown command.
You hit Sigmund.
Sigmund is moderately wounded.
Sigmund points at you and mumbles some strange words.
You resist with significant effort.
Unknown command.
You barely miss Sigmund.
Sigmund is moderately wounded.
Sigmund hits you with a +2 scythe of protection.
* * * LOW HITPOINT WARNING * * *
You hit Sigmund but do no damage.
Sigmund is moderately wounded.
You completely miss Sigmund.
Sigmund is moderately wounded.
Sigmund hits you with a +2 scythe of protection.
* * * LOW HITPOINT WARNING * * *
You hit Sigmund but do no damage.
Sigmund is moderately wounded.
Sigmund closely misses you.
Unknown command.
You hit Sigmund but do no damage.
Sigmund is moderately wounded.
Sigmund hits you with a +2 scythe of protection!
* * * LOW HITPOINT WARNING * * *
You barely miss Sigmund.
Sigmund is moderately wounded.
Unknown command.
You hit Sigmund but do no damage.
Sigmund is moderately wounded.
Sigmund barely misses you.
Unknown command.
You hit Sigmund.
Sigmund is heavily wounded.
Sigmund hits you with a +2 scythe of protection!
You die...

#........##.......#
####........##.#.....#
...........##........
#..#......##.#..8..#
#..................# .#
#. #..................#
#...(..
#.###..8...#...#########
...##..###.##......$#.###
...# #...#.##...@.....#
...# #....##.#@#.##.##
...# ##.....#.....##.#
...# #..Z...#........#
...###.###.....####..#
...'.Z.......>.......#
...####.###.#..#### .#
Z### #.# ........ .# .#
#.# #!#.####


You could see Sigmund (invisible).

Vanquished Creatures
  A howler monkey skeleton (D:2)
  2 adder skeletons (D:2)
  A dart slug (D:1)
  A bat skeleton (D:2)
  8 endoplasms
  A goblin (D:1)
  3 hobgoblins (D:1)
  2 jackals (D:2)
  A quokka (D:1)
  3 ball pythons (D:1)
  3 bats
  2 frilled lizards (D:1)
  A kobold (D:1)
  A quokka skeleton (D:2)
  2 rats (D:1)
32 creatures vanquished.

Notes
Turn   | Place    | Note
-------+----------+-------------------------------------------
     0 | D:1      | Firecrotchwizard the Hill Orc Monk began the quest for the
                  | Orb.
     0 | D:1      | Reached XP level 1. HP: 19/19 MP: 1/1
   115 | D:1      | Reached XP level 2. HP: 14/27 MP: 2/2
   228 | D:1      | Found Arrioc's Assorted Antiques.
   353 | D:2      | Reached skill level 1 in Armour
   367 | D:2      | Noticed Sigmund
   531 | D:1      | Bought a scroll labelled SYICEX AFUUWIS for 20 gold pieces
   549 | D:1      | Reached XP level 3. HP: 33/33 MP: 3/3
   734 | D:1      | Found Ybiept's Antique Weapon Emporium.
   923 | D:2      | Reached skill level 5 in Axes
  1009 | D:2      | HP: 1/33 [Sigmund/+2 scythe of protection (8)]
  1012 | D:2      | Slain by Sigmund

Illustrated notes

Levels and vault maps discovered:
D:1:      lightli_arrival_statue_moat, layout_loops_corners, serial_shops,
          nicolae_shop_tiny_statue_garden, shop, minmay_strange_pillars,
          minmay_indecisive_spiral
D:2:      layout_basic, serial_undead, serial_undead_a, serial_undead_d,
          serial_undead_b, serial_undead_d, serial_shops, shop, uniq_sigmund

Skill      XL: |  1  2  3 |
---------------+----------+-----
Armour         | 1 |  1.5
Fighting       | 4 |  4.1
Axes           | 5 |  5.2
Dodging        | |  2.4

Action                     || total
---------------------------++-------
  Melee: Hand axe          ||   104
 Armour: Robe              ||     2
         Ring mail         ||     5
         Scale mail        ||    20
  Dodge: Dodged            ||    60
